 Dungeon Crawl Stone Soup version 0.31-a0-728-g01b46875f1 (webtiles) character file.

Game seed: 14124662588760488840

6227 inmateoo the Cleaver (level 10, -9/90 HPs)
             Began as a Minotaur Fighter on Sept 11, 2023.
             Was an Elder of Okawaru.
             Mangled by a vampire
             ... wielding a +1 scimitar of draining
              (16 damage)
             ... on level 7 of the Dungeon.
             The game lasted 00:05:49 (5330 turns).

inmateoo the Cleaver (Minotaur Fighter)             Turns: 5330, Time: 00:05:49

Health: -9/90      AC: 24    Str: 24    XL:     10   Next: 61%
Magic:  11/11      EV: 15    Int:  5    God:    Okawaru [****..]
Gold:   427        SH:  0    Dex: 19    Spells: 9/9 levels left

rFire   + . .        j - +8 quarterstaff of Analysis {elec, Dex+6}
rCold   . . .        (shield currently unavailable)
rNeg    . . .        n - +10 ring mail of Sif Muna's Favour {Fly Str+2}
rPois   .            m - +1 hat
rElec   .            r - +1 cloak
rCorr   .            (no gloves)
SInv    .            (no boots)
Will    .....        u - amulet of the acrobat
Stlth   +            i - ring of protection from fire
HPRegen 0.35/turn    g - +4 ring of protection
MPRegen 0.12/turn

%: acrobat
@: on berserk cooldown, flying, slowed, very slow
A: horns 2, retaliatory headbutt, noise suppression
a: Renounce Religion, Heroism, Finesse


You were on level 7 of the Dungeon.
You worshipped Okawaru.
Okawaru was greatly pleased with you.
You visited 2 branches of the dungeon, and saw 8 of its levels.

You collected 475 gold pieces.
You spent 48 gold pieces at shops.

Inventory:

Hand Weapons
 a - a +1 vampiric war axe
 j - the +8 quarterstaff of Analysis (weapon) {elec, Dex+6}
   (You found it on level 3 of the Dungeon)

   Dex+6:     It affects your dexterity (+6).
Missiles
 s - a throwing net
Armour
 c - a +0 buckler
 m - a +1 hat (worn)
 n - the +10 ring mail of Sif Muna's Favour (worn) {Fly Str+2}
   (You found it on level 3 of the Dungeon)

   Str+2:     It affects your strength (+2).
   Fly:       It grants you flight.
 r - a +1 cloak (worn)
Jewellery
 g - a +4 ring of protection (right hand)
 i - a ring of protection from fire (left hand)
 u - an amulet of the acrobat (around neck)
 v - a ring of see invisible
Wands
 k - a wand of light (8)
 l - a wand of flame (27)
 q - a wand of mindburst (11)
 w - a wand of roots (12)
Scrolls
 b - 3 scrolls of poison
 h - a scroll of enchant weapon
Potions
 d - 6 potions of might
 f - 2 potions of brilliance
 o - a potion of attraction
 x - a potion of haste {unknown}
Miscellaneous
 y - a condenser vane


   Skills:
 + Level 8.6 Fighting
 * Level 11.1 Axes
 + Level 8.6 Armour
 + Level 6.8 Dodging
 + Level 8.3 Shields
 + Level 3.6 Invocations


You had 9 spell levels left.
You didn't know any spells.
Your spell library contained the following spells:

 Spells                   Type           Power      Damage    Failure   Level
 Apportation              Tloc           0%         N/A       61%         1
 Necrotise                Necr           0%         1d4       61%         1
 Shock                    Conj/Air       0%         1d3       61%         1
 Stone Arrow              Conj/Erth      0%         3d7       93%         3
 Swiftness                Air            0%         N/A       93%         3
 Airstrike                Air            0%         2d(0-16)  100%        4
 Lehudib's Crystal Spear  Conj/Erth      0%         10d2      100%        8
 Summon Small Mammal      Summ           Unusable   N/A       N/A         1
 Animate Armour           Summ/Erth      Unusable   N/A       N/A         4

Dungeon Overview and Level Annotations

Branches:
Dungeon (7/15)             Temple (1/1) D:6

Altars:
Ashenzari
Dithmenos
Elyvilon
Fedhas
Gozag
Hepliaklqana
Makhleb
Nemelex Xobeh
Okawaru
Qazlal
Ru
Sif Muna
Trog
Uskayaw
Vehumet
Xom
Yredelemnul
Zin
The Shining One

Shops:
D:3 [*[   D:4 *   D:7 *


Innate Abilities, Weirdness & Mutations

You have a pair of horns on your head.
You reflexively headbutt those who attack you in melee.
You passively dampen the noise of your surroundings.


Message History

Something bites you but does no damage. Something hits you but does no damage.
You feel drained. Something bites you!
* * * LOW HITPOINT WARNING * * *
Something draws strength from your injuries!
You feel better. Something hits you.
* * * LOW HITPOINT WARNING * * *
You feel drained.
* * * LOW HITPOINT WARNING * * *
Something bites you but does no damage.
It was a potion of mutation.
You feel extremely strange.
You feel your surroundings grow quieter.
Something hits you but does no damage.
You feel drained. Something bites you but does no damage.
You sock the cyclops! You headbutt the cyclops.
The cyclops is moderately wounded.
You sock the cyclops! Lightning courses through the cyclops!
You headbutt the cyclops.
You kill the cyclops!
Okawaru is honoured by your kill. The wyvern barely misses you.
The wyvern bites you!
* * * LOW HITPOINT WARNING * * *
Your Axes skill increases to level 11!
You sock the wyvern!
You kill the wyvern!
Okawaru accepts your kill.
You can now speed up your combat.
The water moccasin completely misses you.
You furiously retaliate!
You headbutt the water moccasin. The water moccasin barely misses you.
You sock the water moccasin! You headbutt the water moccasin!
The water moccasin is almost dead.
The water moccasin misses you. You furiously retaliate!
You headbutt the water moccasin!
You kill the water moccasin!
Okawaru accepts your kill.
You hear some strange, mumbled words.
Something tries to affect you, but you resist.
The basilisk gazes at you.
Your life force feels restored.
You hit something. Your headbutt misses something. Something hits you!
You die...

#......# ..... .# #.#...#
##.## ..# ...^. .## #..#
###.### # ... ..###
##..#..## .##### ....
##..#.#..##..#
###.####..#####..##.# ..
#...l.#..###.#.#..#.#
....#..:).#@###...###)#.#
........[l{#.#..#..#.#..#
....#.))..#.###...###)#)####
... #.....#..###.###..#.##..
. ###.####..#####..##.#...
#.# #..# #..##..#.[. #.#
#..#..##..##... #.#
##.###..###### #.# #.# #.##


You could see a basilisk.

Vanquished Creatures
  2 ugly things (D:7)
  Pikel (D:5)
  2 cyclopes (D:7)
  Maggie (D:7)
  2 trolls (D:7)
  Sigmund (D:4)
  A shadow (D:7)
  A wraith (D:7)
  2 wyverns (D:7)
  Edmund (D:4)
  3 water moccasins (D:7)
  3 black bears
  An orc warrior (D:7)
  2 sky beasts
  3 ogres
  A centaur (D:5)
  A phantom (D:4)
  Blork the orc (D:5)
  A scorpion (D:5)
  2 bullfrogs (D:7)
  A gnoll sergeant (D:6)
  5 wights (D:7)
  A jelly (D:5)
  Crazy Yiuf (D:5)
  5 hounds
  2 orc priests
  5 iguanas
  A sleepcap (D:6)
  Terence (D:3)
  4 orc wizards
  8 gnolls (D:6)
  3 adders
  2 shadow imps
  2 white imps
  5 ufetubi
  A worm (D:2)
  2 dart slugs
  25 orcs
  7 endoplasms
  4 giant cockroaches
  9 goblins
  5 hobgoblins
  4 kobolds
  7 quokkas
  7 ball pythons
  5 bats
  A frilled lizard (D:2)
  2 rats (D:1)
157 creatures vanquished.

Notes
Turn   | Place    | Note
-------+----------+-------------------------------------------
     0 | D:1      | inmateoo the Minotaur Fighter began the quest for the Orb.
     0 | D:1      | Reached XP level 1. HP: 19/19 MP: 0/0
   246 | D:1      | Reached XP level 2. HP: 27/27 MP: 1/1
   460 | D:1      | Found a faded altar of an unknown god.
   585 | D:1      | Reached skill level 3 in Axes
  1176 | D:2      | Reached XP level 3. HP: 33/33 MP: 2/2
  1397 | D:3      | Reached skill level 1 in Dodging
  1431 | D:3      | Reached XP level 4. HP: 21/40 MP: 3/3
  1438 | D:3      | Identified the +8 quarterstaff of Analysis {elec, Dex+6}
  1528 | D:3      | Found Xemakaemp's Antique Armour Emporium.
  1550 | D:3      | Noticed Terence
  1558 | D:3      | Killed Terence
  1650 | D:3      | Found Cudolaed's General Store.
  1668 | D:3      | Found Bohougol's Armour Shoppe.
  1678 | D:3      | Bought a +0 hat for 48 gold pieces
  1694 | D:3      | Reached skill level 4 in Axes
  1795 | D:3      | Found a basalt altar of Yredelemnul.
  1975 | D:3      | Identified the +10 ring mail of Sif Muna's Favour {Fly
                  | Str+2}
  2347 | D:4      | Reached XP level 5. HP: 47/47 MP: 4/4
  2353 | D:4      | Noticed a phantom
  2357 | D:4      | Killed a phantom
  2400 | D:4      | Noticed an ogre
  2406 | D:4      | Killed an ogre
  2407 | D:4      | Reached skill level 5 in Axes
  2407 | D:4      | Reached XP level 6. HP: 52/55 MP: 5/5
  2411 | D:4      | Found Zin's Purification Station.
  2416 | D:4      | Found a glowing silver altar of Zin.
  2598 | D:4      | Reached skill level 5 in Fighting
  2778 | D:4      | Noticed Sigmund
  2779 | D:4      | Noticed Edmund
  2782 | D:4      | Killed Sigmund
  2783 | D:4      | Reached skill level 5 in Armour
  2783 | D:4      | Reached skill level 5 in Shields
  2783 | D:4      | Reached XP level 7. HP: 46/61 MP: 6/6
  2788 | D:4      | Killed Edmund
  2789 | D:4      | Reached skill level 6 in Axes
  2923 | D:5      | Entered Level 5 of the Dungeon
  2955 | D:5      | Noticed Blork the orc
  2961 | D:5      | Killed Blork the orc
  3042 | D:5      | Reached XP level 8. HP: 59/70 MP: 7/7
  3182 | D:5      | Reached skill level 7 in Axes
  3205 | D:5      | Noticed Pikel
  3214 | D:5      | Killed Pikel
  3236 | D:5      | Reached skill level 8 in Axes
  3582 | D:5      | Found a runed translucent door.
  3583 | D:5      | Noticed Crazy Yiuf
  3587 | D:5      | Killed Crazy Yiuf
  3697 | D:6      | Found a white marble altar of Elyvilon.
  3800 | D:6      | Reached XP level 9. HP: 74/78 MP: 8/8
  3831 | D:6      | Identified the +0 sling "Qalu" {antimagic, Str+3}
  3880 | D:6      | Reached skill level 5 in Dodging
  3921 | D:6      | Reached skill level 9 in Axes
  4052 | D:6      | Found a staircase to the Ecumenical Temple.
  4537 | Temple   | Entered the Ecumenical Temple
  4537 | Temple   | Noticed a sun demon
  4537 | Temple   | Noticed a reaper
  4537 | Temple   | Noticed a rust devil
  4537 | Temple   | Noticed a tormentor
  4538 | Temple   | Noticed Laeti the pandemonium lord
  4538 | Temple   | Noticed a soul eater
  4538 | Temple   | Noticed Uffuace the pandemonium lord
  4538 | Temple   | Noticed a cacodemon
  4538 | Temple   | Noticed an ice devil
  4538 | Temple   | Noticed a red devil
  4540 | Temple   | Noticed Xihit the pandemonium lord
  4540 | Temple   | Noticed a Hell Sentinel
  4541 | Temple   | Noticed a shadow demon
  4556 | Temple   | Became a worshipper of Warmaster Okawaru
  4571 | Temple   | Noticed Qoanwifo the pandemonium lord
  4571 | Temple   | Noticed a green death
  4571 | Temple   | Noticed Liwn the pandemonium lord
  4700 | D:7      | Noticed a troll
  4704 | D:7      | Noticed Maggie
  4705 | D:7      | Killed a troll
  4730 | D:7      | Killed Maggie
  4731 | D:7      | Reached skill level 1 in Invocations
  5029 | D:7      | Found Gawkouma's Gadget Gallery.
  5037 | D:7      | Found a broken altar of Ashenzari.
  5049 | D:7      | Reached * piety under Okawaru
  5174 | D:7      | Reached skill level 10 in Axes
  5194 | D:7      | Noticed a troll
  5205 | D:7      | Killed a troll
  5205 | D:7      | Reached ** piety under Okawaru
  5206 | D:7      | Reached XP level 10. HP: 63/88 MP: 10/10
  5266 | D:7      | Identified the +10 sling of Inference {flame, rF++ Str+2}
  5266 | D:7      | Identified the ring of the Sun {rCorr Str+4 Int+6}
  5271 | D:7      | Noticed a cyclops
  5283 | D:7      | Killed a cyclops
  5288 | D:7      | Noticed a cyan ugly thing
  5290 | D:7      | Noticed a white ugly thing
  5291 | D:7      | Identified the +0 short sword "Limuk" {spect, rElec rF+
                  | rC++ Int-4}
  5296 | D:7      | Noticed a cyclops
  5309 | D:7      | Killed a cyan ugly thing
  5309 | D:7      | Reached *** piety under Okawaru
  5317 | D:7      | Killed a cyan ugly thing
  5325 | D:7      | Gained mutation: You passively dampen the noise of your
                  | surroundings. [potion of mutation]
  5327 | D:7      | Killed a cyclops
  5328 | D:7      | Reached skill level 11 in Axes
  5328 | D:7      | Reached **** piety under Okawaru
  5330 | D:7      | Mangled by a vampire

Illustrated notes

Levels and vault maps discovered:
D:1:      minmay_arrival_nine_rooms, layout_basic,
          shapermc_ecumenical_altar_mp_vishouse
D:2:      wander_river, layout_basic
D:3:      layout_basic, mainiacjoe_overflow_brackets, serial_shops,
          nicolae_shop_hallway_stairs, nicolae_shop_scrapyard, shop,
          st_stairs_1, chequers_mini_garden, minmay_unequal, uniq_terence
D:4:      layout_basic, zin_purify, sigmund_edmund_badplayer
D:5:      layout_loops_ring, uniq_pikel, uniq_blork_the_orc,
          uniq_crazy_yiuf_cottage
D:6:      minmay_inner_zag, layout_cave_pools, elyvilon_altar_1,
          lemuel_temple_firewalk_b
D:7:      minmay_the_grid_octo_tiled_squarecenter [minmay_the_grid_octo_77,
          minmay_the_grid_octo_fat_diamond, minmay_the_grid_octo_clover,
          minmay_the_grid_octo_empty, minmay_the_grid_square_5x5_megaprize_open,
          minmay_the_grid_square_5x5_broken_cross,
          minmay_the_grid_square_5x5_two_walls_a,
          minmay_the_grid_square_5x5_half_checkered,
          minmay_the_grid_square_5x5_v], layout_loops_ring,
          lemuel_crystal_altar, ashenzari_altar_1, minmay_misc_feat_hallway,
          chequers_jeans, hex_medium, nicolae_shop_gadgets, uniq_maggie
Temple:   nicolae_temple_panitentiary

Skill      XL: |  1  2  3  4  5  6  7  8  9 10 |
---------------+-------------------------------+-----
Axes           | 3 4 5 6 8 10 11 | 11.1
Fighting       | 4 5 6 7 8 |  8.6
Dodging        | 1 2 3 4 6 |  6.8
Shields        | 4 5 6 7 8 |  8.3
Armour         | 4 5 6 7 8 |  8.6
Invocations    | 2 3 |  3.6

Action                     |  1- 3 |  4- 6 |  7- 9 | 10-12 || total
---------------------------+-------+-------+-------+-------++-------
  Melee: War axe           |    56 |       |       |       ||    56
         Headbutt          |    10 |     7 |    25 |    10 ||    52
         Quarterstaff      |       |    63 |   163 |    46 ||   272
    Use: Scroll            |     7 |     2 |     5 |       ||    14
         Potion            |       |       |     1 |     4 ||     5
 Armour: Scale mail        |    62 |    11 |       |       ||    73
         Ring mail         |       |    34 |   166 |    39 ||   239
  Dodge: Dodged            |    35 |    36 |   140 |    40 ||   251
  Block: Buckler           |    11 |       |       |       ||    11

Table legend: (Time is in decaauts)
 A = Elapsed time spent in this place.
 B = Non-inter-level travel time spent in this place.
 C = Inter-level travel time spent in this place.
 D = Time resting spent in this place.
 E = Time spent auto-exploring this place.
 F = Levels seen in this place.
 G = Mean time per level.
                   A        B        C        D        E       F      G
               +--------+--------+--------+--------+--------+-----+--------+
         Total |   5466 |   4975 |    491 |    353 |   3590 |   8 |  683.2 |
       Dungeon |   5428 |   4974 |    454 |    353 |   3590 |   7 |  775.4 |
        Temple |     38 |      1 |     37 |      0 |      0 |   1 |   38.0 |
               +--------+--------+--------+--------+--------+-----+--------+

Top non-repeatable levels by time:
     D:6: 991 daAuts
     D:3: 910 daAuts
     D:5: 770 daAuts
     D:2: 705 daAuts
     D:1: 687 daAuts
     D:4: 686 daAuts
     D:7: 675 daAuts
  Temple: 38 daAuts
